 Dungeon Crawl Stone Soup version 0.28-a0-297-g99b01970c5 (webtiles) character file.

Game seed: 4532975714971068377

6307 PentaManta the Spry (level 10, -2/47 HPs)
             Began as a Spriggan Berserker on Aug 29, 2021.
             Was a High Priest of Trog.
             Killed by the air
             ... invoked by a wind drake (shapeshifter)
              (20 damage)
             ... on level 11 of the Dungeon.
             The game lasted 00:30:02 (10656 turns).

PentaManta the Spry (Spriggan Berserker)           Turns: 10656, Time: 00:30:03

Health: -2/47      AC:  4    Str: 13    XL:     10   Next: 63%
Magic:  11/11      EV: 33    Int: 13    God:    Trog [*****.]
Gold:   237        SH: 13    Dex: 17    Spells: 9/9 levels left

rFire   . . .      SeeInvis +   C - +1 dagger (elec)
rCold   . . .      Faith    .   n - +1 buckler "Unuakax" {+Inv Regen+ Int+3 Stlth+}
rNeg    + . .      Spirit   .   u - +2 robe {rN+}
rPois   .          Reflect  +   (helmet restricted)
rElec   .          Harm     .   (no cloak)
rCorr   .          Rampage  .   (gloves unavailable)
Will    +....                   (boots unavailable)
Stlth   +++.......              O - amulet of reflection
HPRegen 1.15/turn               P - +4 ring of evasion
MPRegen 0.12/turn               i - ring of flight

@: flying, very quick
A: very small, no large weapons, unfitting armour, see invisible, speed 3
a: Renounce Religion, Evoke Invisibility, Berserk, Trog's Hand, Brothers in Arms


You were on level 11 of the Dungeon.
You worshipped Trog.
Trog was extremely pleased with you.
You visited 1 branch of the dungeon, and saw 11 of its levels.
You also visited: Sewer.

You collected 553 gold pieces.
You spent 316 gold pieces at shops.

Inventory:

Hand Weapons
 k - a +1 broad axe of flaming
 m - a +2 dagger of venom
 t - a +3 short sword of freezing
 B - a +0 short sword of electrocution
 C - a +1 dagger of electrocution (weapon)
 K - a +0 antimagic dagger
 L - a +0 long sword
 M - a +3 falchion of freezing
 Q - a +6 dagger
 R - a +1 rapier of venom
Missiles
 r - 50 poisoned darts
 A - 8 curare-tipped darts
 D - 4 throwing nets
 H - 7 atropa-tipped darts
Armour
 n - the +1 buckler "Unuakax" (worn) {+Inv Regen+ Int+3 Stlth+}
   (You bought it in a shop on level 1 of the Dungeon)

   Int:       It affects your intelligence (+3).
   +Inv:      It lets you turn invisible.
   Regen:     It increases your rate of health regeneration.
   Stlth:     It makes you more stealthy.
 u - a +2 robe of positive energy (worn)
 E - a +0 buckler
Jewellery
 b - a ring of fire
 e - an amulet of regeneration
 i - a ring of flight (right hand)
 O - an amulet of reflection (around neck)
 P - a +4 ring of evasion (left hand)
 T - a ring of ice
Wands
 o - a wand of mindburst (19) (quivered)
 q - a wand of flame (6)
 G - a wand of paralysis (15)
 I - a wand of polymorph (18)
Scrolls
 a - a scroll of fog {unknown}
 c - a scroll of acquirement
 h - a scroll of silence
 p - 3 scrolls of teleportation
 x - 3 scrolls of fear
 y - a scroll of blinking
 z - 3 scrolls of identify
 S - a scroll of vulnerability {unknown}
Potions
 d - 2 potions of cancellation
 f - 2 potions of berserk rage
 g - 3 potions of curing
 j - a potion of haste
 l - 3 potions of brilliance
 s - a potion of lignification {unknown}
 v - a potion of might {unknown}
 w - a potion of mutation {unknown}
 F - a potion of flight {unknown}
 J - a potion of heal wounds {unknown}
 N - 2 potions of invisibility


   Skills:
 - Level 2.4 Fighting
 - Level 6.2 Long Blades
 * Level 16.4 Dodging
 + Level 4.7 Shields


You had 9 spell levels left.
You didn't know any spells.
Your spell library was empty.

Dungeon Overview and Level Annotations

Branches:
Dungeon (11/15)            Temple (0/1) D:7            Lair (0/6) D:11
    Orc (0/2) D:11          Sewer (visited)

Altars:
Elyvilon
Nemelex Xobeh
Okawaru
Uskayaw
Wu Jian
Zin
The Shining One

Shops:
D:1 [   D:3 :   D:11 *

Annotations:
D:7 2 transporters, geirmund's ghost, novice MiBe
D:10 exclusion: ice statue


Innate Abilities, Weirdness & Mutations

You are very small and have problems with some larger weapons.
You are too small for most types of armour.
You have supernaturally acute eyesight. (SInv)
You cover ground extremely quickly. (Speed+++)


Message History

Lightning courses through the wind drake!
The wind drake is severely wounded.
The wind drake exhales a fierce blast of wind!
You are blown backwards!
Aiming: Mindburst
Press: ? - help, Q - select action, (/) - cycle Shift-Dir - straight line, f/p - wind drake
Aim: a wind drake shaped shifter (severely wounded, repelling missiles, chance to affect: 48%)
The wind drake resists with some effort.
The wind drake exhales a fierce blast of wind!
You are blown backwards!
Aiming: Mindburst
Press: ? - help, Q - select action, (/) - cycle Shift-Dir - straight line, f/p - wind drake
Aim: a wind drake shaped shifter (severely wounded, repelling missiles, catching its breath, chance to affect: 48%)
The wind drake resists with some effort.
Aiming: Mindburst
Press: ? - help, Q - select action, (/) - cycle Shift-Dir - straight line, f/p - wind drake
Aim: a wind drake shaped shifter (severely wounded, repelling missiles, catching its breath, chance to affect: 48%)
The wind drake's mind is blasted!
Aiming: Mindburst
Press: ? - help, Q - select action, (/) - cycle Shift-Dir - straight line, f/p - wind drake
Aim: a wind drake shaped shifter (almost dead, repelling missiles, catching its breath, chance to affect: 48%)
The wind drake resists with some effort.
The wind drake flaps its wings at you. The air twists around and strikes you!!
Aiming: Mindburst
Press: ? - help, Q - select action, (/) - cycle Shift-Dir - straight line, f/p - wind drake
Aim: a wind drake shaped shifter (almost dead, repelling missiles, chance to affect: 48%)
The wind drake resists with some effort.
The wind drake flaps its wings at you. The air twists around and strikes you!
* * * LOW HITPOINT WARNING * * *
You hit the hound.
The hound is moderately wounded.
The hound completely misses you.
Found a staircase to the Lair.
You closely miss the hound. You block the hound's attack.
The hound closely misses you. The wind drake flaps its wings at you.
The air twists around and strikes you!!
You die...

...............h....#.....
.....≈..!............#..⌠..
≈..≈.≈≈...........###h#.....
≈..≈≈≈≈≈≈..≈≈.......#h#....<
≈≈≈≈≈≈≈≈≈≈≈≈≈≈≈.....#k#.....
.≈≈≈≈..≈≈≈≈≈≈≈≈≈....#.#....⌠
≈..≈...≈≈≈≈.......#.#.....
≈...≈≈≈≈≈≈≈≈≈....#.#.....
.>.....@.hk...###.###...
.....≈≈≈≈h≈≈........#...
≈.≈≈≈≈≈≈≈≈≈≈........#...
≈≈≈≈≈≈≈≈≈≈≈.........####
≈≈≈≈≈≈≈.≈≈≈.............
≈≈≈≈≈≈≈..≈.≈..##........
≈≈≈≈≈....≈.....+........
≈≈≈≈...........+........
#....#......#......#'


You could see a wind drake shaped shifter (repels missiles) and 2 hounds.

Vanquished Creatures
  An unseen horror (D:11)
  2 trolls
  A hornet (D:10)
  2 wraiths
  A vampire (D:10)
  A wyvern (D:8)
  Grum (D:9)
  3 steam dragons
  The ghost of Quoreg the Chiller, an amateur HuIE (D:4)
  An acid dragon (D:10)
  2 orc warriors (D:8)
  A sky beast (D:7)
  An ice beast (D:6)
  A black bear (D:7)
  A necrophage (D:6)
  3 centaurs
  6 wolves
  4 kobold brigands
  7 bullfrogs
  2 gnoll sergeants
  2 scorpions
  2 water moccasin skeletons
  10 killer bees
  7 wights
  2 howler monkeys
  An electric eel (D:11)
  2 centaur zombies
  4 hounds
  An orc priest (D:7)
  A jelly (D:8)
  2 bullfrog skeletons
  A gnoll shaman (D:7)
  A centaur skeleton (D:7)
  A scorpion zombie (D:5)
  2 iguanas (D:5)
  4 orc wizards
  A killer bee zombie (D:9)
  A howler monkey zombie (D:6)
  9 adders
  15 gnolls
  2 howler monkey skeletons
  A shadow imp (D:7)
  2 ufetubi
  2 adder skeletons (D:4)
  5 worms
  A dart slug (D:2)
  12 orcs
  A bat (D:1)
  4 endoplasms
  10 giant cockroaches
  7 goblins
  6 hobgoblins
  4 quokkas (Sewer)
  8 ball pythons
  8 frilled lizards
  26 kobolds
  7 rats
217 creatures vanquished.

Vanquished Creatures (others)
  2 fungi (D:4)
  2 plants (D:4)
4 creatures vanquished.

Grand Total: 221 creatures vanquished

Notes
Turn   | Place    | Note
-------+----------+-------------------------------------------
     0 | D:1      | PentaManta the Spriggan Berserker began the quest for the
                  | Orb.
     0 | D:1      | Reached XP level 1. HP: 11/11 MP: 2/2
   424 | D:1      | Found Moblifyph's Antique Armour Shop.
   438 | D:1      | Reached XP level 2. HP: 16/16 MP: 3/3
  1255 | D:2      | Reached skill level 5 in Dodging
  1303 | D:2      | Reached XP level 3. HP: 19/19 MP: 4/4
  1319 | D:2      | Reached ** piety under Trog
  1799 | D:3      | Reached XP level 4. HP: 7/23 MP: 5/5
  1824 | D:3      | Reached skill level 6 in Dodging
  1952 | D:3      | Found a glowing drain.
  1959 | Sewer    | Entered a sewer
  2162 | Sewer    | Reached *** piety under Trog
  2219 | Sewer    | Reached XP level 5. HP: 27/27 MP: 6/6
  2271 | Sewer    | Reached skill level 7 in Dodging
  2308 | Sewer    | Reached XP level 6. HP: 25/32 MP: 7/7
  2327 | Sewer    | Identified a scroll of acquirement
  2646 | D:3      | Found Huip's Book Shoppe.
  2730 | D:3      | Found an iron altar of Okawaru.
  3141 | D:4      | Found a runed translucent gate.
  3142 | D:4      | Found a runed translucent gate.
  3143 | D:4      | Noticed Quoreg's ghost (amateur HuIE)
  3145 | D:4      | Found a runed translucent gate.
  3297 | D:4      | Found a sparkling altar of Nemelex Xobeh.
  3297 | D:4      | Found a hide-covered altar of Uskayaw.
  3349 | D:4      | Reached skill level 8 in Dodging
  3718 | D:5      | Entered Level 5 of the Dungeon
  3883 | D:5      | Reached skill level 9 in Dodging
  3883 | D:5      | Reached XP level 7. HP: 29/35 MP: 8/8
  4182 | D:5      | Found a glowing silver altar of Zin.
  4451 | D:6      | Reached skill level 10 in Dodging
  4715 | D:6      | Reached skill level 5 in Long Blades
  4745 | D:6      | Noticed a steam dragon
  4761 | D:6      | Killed a steam dragon
  4762 | D:6      | Reached XP level 8. HP: 31/39 MP: 9/9
  4778 | D:6      | Reached **** piety under Trog
  4779 | D:6      | Reached skill level 11 in Dodging
  5519 | D:7      | Reached skill level 12 in Dodging
  5622 | D:7      | Found a transporter.
  5632 | D:7      | Found a transporter.
  5649 | D:7      | Noticed an ancient zyme
  5656 | D:7      | Noticed geirmund's ghost (novice MiBe)
  6006 | D:7      | Found a staircase to the Ecumenical Temple.
  6229 | D:7      | Noticed a green ugly thing
  6379 | D:8      | Found a glowing golden altar of the Shining One.
  6393 | D:8      | Reached XP level 9. HP: 27/43 MP: 10/10
  6551 | D:8      | Reached skill level 13 in Dodging
  6551 | D:8      | Reached skill level 1 in Shields
  6750 | D:8      | Reached ***** piety under Trog
  7051 | D:8      | Found an ornate altar of the Wu Jian Council.
  7365 | D:4      | Killed Quoreg's ghost
  7366 | D:4      | Reached skill level 14 in Dodging
  7987 | D:9      | Noticed Grum
  8016 | D:9      | Killed Grum
  8023 | D:9      | Reached XP level 10. HP: 37/47 MP: 11/11
  8057 | D:9      | Reached skill level 15 in Dodging
  8137 | D:9      | Found the +10 morningstar "Eos" {elec, Halo rElec}
  8572 | D:10     | Entered Level 10 of the Dungeon
  9307 | D:1      | Bought a scorched buckler for 228 gold pieces
  9307 | D:1      | Identified the +1 buckler "Unuakax" {+Inv Regen+ Int+3
                  | Stlth+} (You bought it in a shop on level 1 of the Dungeon)
  9324 | D:1      | Bought an embroidered robe for 88 gold pieces
  9517 | D:10     | Noticed an ice statue
 10137 | D:10     | Found a white marble altar of Elyvilon.
 10259 | D:10     | Paralysed by a hornet for 3 turns
 10354 | D:11     | Found a staircase to the Orcish Mines.
 10412 | D:11     | Reached skill level 16 in Dodging
 10465 | D:11     | Found Buec Wes's Serpentskin Sales.
 10534 | D:11     | Noticed a cane toad
 10612 | D:11     | Noticed a fire crab
 10612 | D:11     | a cane toad changed into a fire crab
 10635 | D:11     | a fire crab changed into a wind drake
 10654 | D:11     | Found a staircase to the Lair.
 10656 | D:11     | Killed from afar by a wind drake (shapeshifter)

Illustrated notes

Levels and vault maps discovered:
D:1:      dpeg_arrival_castle, layout_loops_ring, serial_shops, shop
D:2:      minmay_evil_eye, layout_basic
D:3:      layout_basic, okawaru_gym_becter, serial_shops, shop,
          lightli_sewer_entry_pipes
D:4:      layout_loops_ring, gammafunk_temple_overflow_elements,
          gammafunk_ghost_nasty_kobolds
D:5:      layout_gridville, kennysheep_diamond
D:6:      layout_loops_cross
D:7:      layout_loops_cross, minmay_temple_entry_statues,
          gammafunk_ghost_abyssal_escape, minmay_misc_feat_diagonals
D:8:      layout_basic, pdpol_wu_jian_five_deadly_venoms, lemuel_round_altar
D:9:      layout_stronghold, minmay_statues_item, uniq_grum
D:10:     layout_basic, mainiacjoe_overflow_alcove_4, minmay_misc_feat_room,
          minmay_statue_bubble
D:11:     lemuel_ice_statue, layout_irregular_city, erik_lair_island,
          orc_0_dummy, dk_vineyard_3, grunt_ministairs_1, guppyfry_shop_venom

Skill      XL: |  1  2  3  4  5  6  7  8  9 10 |
---------------+-------------------------------+-----
Dodging        | 5 6 7 9 10 12 14 16 | 16.4
Long Blades    | 3 4 5 6 |  6.2
Shields        | 3 4 |  4.7
Fighting       | |  2.4

Action                   |  1- 3 |  4- 6 |  7- 9 | 10-12 || total
-------------------------+-------+-------+-------+-------++-------
Melee: Short sword       |    31 |       |   155 |       ||   186
       Falchion          |     4 |       |       |       ||     4
       Dagger            |    69 |   219 |   387 |   241 ||   916
Throw: Dart              |       |       |       |     5 ||     5
Invok: Berserk           |     1 |       |     3 |     4 ||     8
Evoke: Wand              |       |       |     7 |    13 ||    20
  Use: Scroll            |     4 |     1 |     8 |       ||    13
       Potion            |       |     4 |     1 |       ||     5
 Stab: Sleeping          |     2 |     3 |     1 |     2 ||     8
       Distracted        |       |       |       |     1 ||     1
Armor: Animal skin       |     6 |     9 |    16 |     7 ||    38
       Robe              |       |       |       |     5 ||     5
Dodge: Dodged            |    81 |   156 |   487 |   214 ||   938
Block: Buckler           |       |       |       |    57 ||    57
       Reflection        |       |       |       |     3 ||     3

Table legend: (Time is in decaauts)
 A = Elapsed time spent in this place.
 B = Non-inter-level travel time spent in this place.
 C = Inter-level travel time spent in this place.
 D = Time resting spent in this place.
 E = Time spent auto-exploring this place.
 F = Levels seen in this place.
 G = Mean time per level.
                   A        B        C        D        E       F      G
               +--------+--------+--------+--------+--------+-----+--------+
         Total |   7370 |   6867 |    503 |    716 |   3898 |  12 |  614.2 |
       Dungeon |   6909 |   6406 |    503 |    674 |   3826 |  11 |  628.1 |
         Sewer |    460 |    460 |      0 |     42 |     72 |   1 |  460.0 |
               +--------+--------+--------+--------+--------+-----+--------+

Top non-repeatable levels by time:
     D:9: 1267 daAuts
     D:6: 707 daAuts
     D:8: 671 daAuts
     D:7: 661 daAuts
     D:2: 635 daAuts
     D:3: 632 daAuts
    D:10: 581 daAuts
     D:1: 574 daAuts
     D:4: 507 daAuts
     D:5: 472 daAuts
   Sewer: 460 daAuts
    D:11: 198 daAuts
